 Dungeon Crawl Stone Soup version 0.30-a0-457-g4b7bca3bfa (webtiles) character file.

Game seed: 16009481112879182495

79 McMuffin the Magician (level 4, -1/31 HPs)
             Began as a Demonspawn Wanderer on Dec 12, 2022.
             Constricted to death by Natasha (2 damage)
             ... on level 3 of the Dungeon.
             The game lasted 00:05:22 (1812 turns).

McMuffin the Magician (Demonspawn Wanderer)         Turns: 1812, Time: 00:05:23

Health: -1/31      AC:  4    Str: 13    XL:     4   Next: 16%
Magic:  7/9        EV:  9    Int: 11    God:
Gold:   100        SH:  0    Dex: 16    Spells: 9/10 levels left

rFire   . . .      SeeInvis .    e - +0 short sword
rCold   . . .      Faith    .    (no shield)
rNeg    . . .      Spirit   .    d - +0 leather armour
rPois   .          Reflect  .    b - +0 helmet
rElec   .          Harm     .    (no cloak)
rCorr   .          Rampage  .    (no gloves)
Will    .....                    (no boots)
Stlth   +.........               (no amulet)
HPRegen 0.25/turn                (no ring)
MPRegen 0.11/turn                (no ring)

@: grasped by roots, slowed, constricted, very slow
A: powered by pain 2, demonic touch 1
a: no special abilities


You were on level 3 of the Dungeon.
You visited 1 branch of the dungeon, and saw 3 of its levels.

You collected 100 gold pieces.

Inventory:

Hand Weapons
 a - a +0 sling
 e - a +0 short sword (weapon)
Armour
 b - a +0 helmet (worn)
 d - a +0 leather armour (worn)
Magical Staves
 j - a staff of death
Jewellery
 p - an amulet of faith
Scrolls
 g - a scroll of fog {unknown}
 i - 2 scrolls of magic mapping {unknown}
 k - a scroll of poison {unknown}
 m - a scroll of fear {unknown}
 q - 3 scrolls of enchant weapon {unknown}
 r - a scroll of silence {unknown}
Potions
 c - a potion of haste
 f - a potion of flight {unknown}
 h - a potion of magic {unknown}
 l - a potion of curing {unknown}
 n - a potion of degeneration {unknown}
 o - a potion of heal wounds {unknown}


   Skills:
 + Level 0.4 Fighting
 + Level 1.2 Short Blades
 + Level 1.0 Ranged Weapons
 + Level 0.5 Armour
 + Level 2.0 Dodging
 + Level 0.3 Stealth
 + Level 3.7 Spellcasting
 + Level 3.2 Ice Magic
 + Level 1.0 Evocations


You had 9 spell levels left.
You knew the following spells:

 Your Spells              Type           Power      Damage    Failure   Level
a - Freeze                Ice            36%        1d5       9%          1

Your spell library contained the following spells:

 Spells                   Type           Power      Damage    Failure   Level
 Ozocubu's Armour         Ice            9%         N/A       24%         3
 Hailstorm                Conj/Ice       5%         3d4       43%         3


Dungeon Overview and Level Annotations

Branches:
Dungeon (3/15)

Altars:

Annotations:
D:3 Natasha


Innate Abilities, Weirdness & Mutations

You sometimes gain power by taking damage.
Your touch may inflict minor irresistible damage on your foes.


Message History

Natasha mumbles some strange words.
The grasping roots constrict you.
The grasping roots release their grip on you.
You are too injured to fight recklessly!
You are too injured to fight recklessly!
You are too injured to fight recklessly!
You are too injured to fight recklessly!
You hit the adder.
The adder is heavily wounded.
You feel sick. The adder closely misses you.
Natasha stares at you and mumbles some strange words.
You feel yourself slow down. The adder bites you but does no damage.
You hit the adder.
The adder is heavily wounded.
You feel sick.
The shadow imp hits you but does no damage.
The adder bites you. The shadow imp closely misses you.
Your magical contamination has completely faded away.
You closely miss the adder.
The adder is heavily wounded.
You feel sick.
You are no longer poisoned.
The adder misses you.
A kobold comes into view. It is wielding a +0 whip.
Natasha zaps a wand.
The roots erupt in riotous growth!
The grasping roots grab you!
The adder is unaffected.
Natasha is unaffected.
The shadow imp is unaffected.
The grasping roots constrict you.
* * * LOW HITPOINT WARNING * * *
The shadow imp closely misses you. The adder closely misses you.
Natasha barely misses you. The grasping roots constrict you.
* * * LOW HITPOINT WARNING * * *
The kobold moves out of view.
You hear a shout!
You hit the adder.
You touch the adder.
You kill the adder!
The shadow imp hits you.
* * * LOW HITPOINT WARNING * * *
Natasha barely misses you. The grasping roots constrict you.
You die...

. #.#.# .##
##K.#####.#.##...##
..........†.....#...
##............##...## .
..........<.......
####.#..#####.#####.##.
..>.#..# ###.#
#####..5.###.#.#
......h@.......#
#####..........#
####.###.### ...#
#>######## #####
#......<.. ##########


You could see Natasha, a shadow imp (summoned) and a kobold.

Vanquished Creatures
  Natasha (D:3)
  An adder (D:3)
  A worm (D:2)
  6 endoplasms
  2 giant cockroaches
  5 goblins (D:2)
  5 hobgoblins
  3 jackals (D:2)
  6 kobolds
  4 quokkas (D:1)
  4 ball pythons
  3 bats
  2 frilled lizards
  6 rats
49 creatures vanquished.

Notes
Turn   | Place    | Note
-------+----------+-------------------------------------------
     0 | D:1      | McMuffin the Demonspawn Wanderer began the quest for the
                  | Orb.
     0 | D:1      | McMuffin set off with the following items: a +0 sling, a +0
                  | helmet, a potion of haste, a +0 leather armour; and the
                  | following spell memorised: Freeze; and the following spells
                  | available to memorise: Ozocubu's Armour, Hailstorm.
     0 | D:1      | Reached XP level 1. HP: 13/13 MP: 4/4
   245 | D:1      | Gained mutation: You sometimes gain a little power by
                  | taking damage. [demonic ancestry]
   245 | D:1      | Reached XP level 2. HP: 10/19 MP: 3/6
  1135 | D:2      | Gained mutation: Your touch may inflict minor irresistible
                  | damage on your foes. [demonic ancestry]
  1135 | D:2      | Reached XP level 3. HP: 19/24 MP: 2/8
  1412 | D:2      | Reached skill level 1 in Short Blades
  1781 | D:3      | Noticed Natasha
  1784 | D:3      | Killed Natasha
  1785 | D:3      | Gained mutation: You sometimes gain power by taking damage.
                  | [demonic ancestry]
  1785 | D:3      | Reached XP level 4. HP: 31/31 MP: 9/9
  1804 | D:3      | Noticed Natasha
  1812 | D:3      | HP: 1/31 [shadow imp[Natasha] (3)]
  1812 | D:3      | Constricted to death by Natasha

Illustrated notes

Levels and vault maps discovered:
D:1:      mainiacjoe_arrival_reflecting_pool, layout_loops_ring, serial_forest,
          infiniplex_forest_corner_2, infiniplex_forest_zigzag_2,
          infiniplex_forest_corner_1, infiniplex_forest_straight_3,
          infiniplex_forest_end_3, chequers_serial_rivers_micro_c,
          nrook_campfire
D:2:      layout_loops_ring
D:3:      layout_loops_ring, lemuel_blue_sif_altar, serial_bayou_pond_d,
          uniq_natasha

Skill      XL: |  1  2  3 |
---------------+----------+-----
Ice Magic      | 3 |  3.2
Short Blades   | 1 |  1.2
Dodging        | 2 |  2.0
Fighting       | |  0.4
Ranged Weapons | |  1.0
Armour         | |  0.5
Stealth        | |  0.3
Spellcasting   | |  3.7
Evocations     | |  1.0

Action                   |  1- 3 |  4- 6 || total
-------------------------+-------+-------++-------
Melee: Short sword       |   100 |     7 ||   107
       Punch             |     2 |       ||     2
       Touch             |     9 |     1 ||    10
 Cast: Freeze            |    34 |     2 ||    36
 Stab: Sleeping          |     2 |       ||     2
Armor: Leather armour    |    26 |     4 ||    30
Dodge: Dodged            |    64 |     9 ||    73

Table legend: (Time is in decaauts)
 A = Elapsed time spent in this place.
 B = Non-inter-level travel time spent in this place.
 C = Inter-level travel time spent in this place.
 D = Time resting spent in this place.
 E = Time spent auto-exploring this place.
 F = Levels seen in this place.
 G = Mean time per level.
                   A        B        C        D        E       F      G
               +--------+--------+--------+--------+--------+-----+--------+
         Total |   1809 |   1739 |     70 |      0 |   1414 |   3 |  603.0 |
       Dungeon |   1809 |   1739 |     70 |      0 |   1414 |   3 |  603.0 |
               +--------+--------+--------+--------+--------+-----+--------+

Top non-repeatable levels by time:
     D:1: 1117 daAuts
     D:2: 660 daAuts
     D:3: 30 daAuts
